 Dungeon Crawl Stone Soup version 0.29.1-13-g9f3cf754e1 (webtiles) character file.

Game seed: 9202211620887864915

574 bjubeck the Covered (level 7, -5/61 HPs)
             Began as a Minotaur Fighter on Feb 3, 2023.
             Was a Believer of Okawaru.
             Splashed by a jelly's acid (8 damage)
             ... on level 4 of the Dungeon.
             The game lasted 00:06:13 (2315 turns).

bjubeck the Covered (Minotaur Fighter)              Turns: 2315, Time: 00:06:14

Health: -5/61      AC: -10   Str: 22    XL:     7   Next: 12%
Magic:  7/7        EV:  8    Int:  5    God:    Okawaru [**....]
Gold:   52         SH: 11    Dex: 10    Spells: 6/6 levels left

rFire   . . .      SeeInvis .   d - +1 hand axe (elec)
rCold   . . .      Faith    .   f - +2 kite shield
rNeg    . . .      Spirit   .   b - +0 scale mail
rPois   .          Reflect  .   (helmet restricted)
rElec   .          Harm     .   (no cloak)
rCorr   .          Rampage  .   (no gloves)
Will    .....                   u - +1 pair of boots
Stlth   ..........              (no amulet)
HPRegen 0.20/turn               i - +4 ring of slaying
MPRegen 0.10/turn               (no ring)

@: corroded
A: horns 2, retaliatory headbutt
a: Renounce Religion, Heroism


You were on level 4 of the Dungeon.
You worshipped Okawaru.
Okawaru was pleased with you.
You visited 1 branch of the dungeon, and saw 4 of its levels.

You collected 190 gold pieces.
You spent 138 gold pieces at shops.

Inventory:

Hand Weapons
 a - a +0 war axe
 d - a +1 hand axe of electrocution (weapon)
Missiles
 o - 2 curare-tipped darts (quivered)
 v - 2 boomerangs
 x - 2 poisoned darts
Armour
 b - a +0 scale mail (worn)
 c - a +0 buckler
 f - a +2 kite shield (worn)
 u - a +1 pair of boots (worn)
Jewellery
 i - a +4 ring of slaying (left hand)
 n - a ring of wizardry
Scrolls
 g - 2 scrolls of brand weapon {unknown}
 h - 3 scrolls of identify {unknown}
 j - 2 scrolls of immolation {unknown}
 l - 4 scrolls of teleportation {unknown}
 q - a scroll of enchant weapon {unknown}
 t - a scroll of noise {unknown}
 w - a scroll of fog {unknown}
 y - a scroll of silence {unknown}
Potions
 e - 3 potions of lignification {unknown}
 k - a potion of berserk rage {unknown}
 m - 3 potions of heal wounds {unknown}
 p - a potion of haste {unknown}
 r - a potion of curing {unknown}
 s - a potion of brilliance {unknown}


   Skills:
 + Level 5.4 Fighting
 + Level 4.8 Axes
 + Level 5.5 Armour
 + Level 5.5 Shields
 + Level 2.6 Invocations


You had 6 spell levels left.
You didn't know any spells.
Your spell library contained the following spells:

 Spells                   Type           Power      Damage    Failure   Level
 Sandblast                Erth           0%         2d4       98%         1
 Blink                    Tloc           0%         N/A       99%         2
 Passwall                 Tmut/Erth      0%         N/A       99%         2
 Poisonous Vapours        Pois/Air       0%         N/A       99%         2
 Lesser Beckoning         Tloc           0%         N/A       100%        3
 Stone Arrow              Conj/Erth      0%         3d7       100%        3
 Corpse Rot               Necr/Pois/Air  0%         N/A       100%        4
 Flame Wave               Conj/Fire      0%         2d4       100%        4
 Manifold Assault         Tloc           0%         N/A       100%        5
 Starburst                Conj/Fire      0%         6d3       100%        6
 Spellforged Servitor     Conj/Summ      Unusable   N/A       N/A         7

Dungeon Overview and Level Annotations

Branches:
Dungeon (4/15)
 Temple: D:4-7

Altars:
Okawaru

Shops:
D:2 (


Innate Abilities, Weirdness & Mutations

You have a pair of horns on your head.
You reflexively headbutt those who attack you in melee.


Message History

x - 2 poisoned darts
There is a fountain of clear blue water here.
y - a scroll labelled MORAIB UZOE
Found an escape hatch in the ceiling.
A jelly comes into view.
The jelly moves out of view.
There is an escape hatch in the ceiling here.
You block the jelly's attack.
You hit the jelly.
Your hands burn!
The jelly is lightly wounded.
You block the jelly's attack. The jelly hits you. The acid corrodes you!
You are splashed with acid!
You barely miss the jelly. You headbutt the jelly.
The jelly is lightly wounded.
The jelly hits you.
You are splashed with acid!
You barely miss the jelly.
The jelly is lightly wounded.
The jelly hits you.
You are splashed with acid!
You hit the jelly. The acid corrodes you!
Your hands burn!
You headbutt the jelly, but do no damage.
The jelly is heavily wounded.
The jelly hits you. The acid corrodes you!
You are splashed with acid!
You are too injured to fight recklessly!
You hit the jelly but do no damage.
Your hands burn!
* * * LOW HITPOINT WARNING * * *
The jelly is heavily wounded.
You block the jelly's attack. x2
You hit the jelly.
Your hands burn!
* * * LOW HITPOINT WARNING * * *
The jelly is heavily wounded.
The jelly hits you.
* * * LOW HITPOINT WARNING * * *
The acid corrodes you!
You are splashed with acid!
* * * LOW HITPOINT WARNING * * *
The jelly attacks as you move away! The jelly completely misses you.
There is an escape hatch in the ceiling here.
The jelly hits you.
* * * LOW HITPOINT WARNING * * *
The acid corrodes you!
You are splashed with acid!
You die...

# .## #..####
##################......#
................@J......#
##################......#
#######


You could see a jelly.

Vanquished Creatures
  Sigmund (D:2)
  A phantom (D:4)
  Blork the orc (D:4)
  A necrophage (D:3)
  An orc priest (D:3)
  An orc wizard (D:3)
  Natasha (D:3)
  Robin (D:2)
  An adder (D:3)
  4 dart slugs
  15 orcs (D:3)
  7 bats
  3 endoplasms
  3 giant cockroaches
  19 goblins
  8 hobgoblins
  7 kobolds
  5 quokkas
  4 ball pythons
  3 frilled lizards
  4 rats
91 creatures vanquished.

Vanquished Creatures (others)
  A plant (D:3)
1 creature vanquished.

Grand Total: 92 creatures vanquished

Notes
Turn   | Place    | Note
-------+----------+-------------------------------------------
     0 | D:1      | bjubeck the Minotaur Fighter began the quest for the Orb.
     0 | D:1      | Reached XP level 1. HP: 19/19 MP: 0/0
    22 | D:1      | Found a faded altar of an unknown god.
    66 | D:1      | Got the Vademecum on Blasts
   107 | D:1      | Reached XP level 2. HP: 25/27 MP: 1/1
   453 | D:1      | Reached XP level 3. HP: 33/33 MP: 2/2
   549 | D:2      | Noticed Robin
   560 | D:2      | Killed Robin
   635 | D:2      | Found an iron altar of Okawaru.
   653 | D:2      | Became a worshipper of Warmaster Okawaru
   702 | D:2      | Found Ulompoad's Antique Weapon Emporium.
   812 | D:2      | Reached XP level 4. HP: 40/40 MP: 3/3
  1076 | D:2      | Noticed Sigmund
  1088 | D:2      | Killed Sigmund
  1088 | D:2      | Reached * piety under Okawaru
  1089 | D:2      | Reached skill level 1 in Invocations
  1089 | D:2      | Reached XP level 5. HP: 28/47 MP: 3/5
  1336 | D:2      | Bought a glowing hand axe for 138 gold pieces
  1449 | D:3      | Reached skill level 5 in Armour
  1449 | D:3      | Reached XP level 6. HP: 52/55 MP: 6/6
  1626 | D:3      | Reached skill level 5 in Shields
  1629 | D:3      | Reached skill level 5 in Fighting
  1764 | D:3      | Noticed Natasha
  1770 | D:3      | Killed Natasha
  2043 | D:4      | Noticed Blork the orc
  2050 | D:4      | Reached ** piety under Okawaru
  2054 | D:4      | Killed Blork the orc
  2055 | D:4      | Reached XP level 7. HP: 20/61 MP: 7/7
  2315 | D:4      | HP: 3/61 [jelly (2)]
  2315 | D:4      | Splashed by a jelly's acid

Illustrated notes

Levels and vault maps discovered:
D:1:      scummos_arrival_forest, layout_rooms,
          hellmonk_ecumenical_altar_arch_garden, dreamdust_wishing_well
D:2:      minmay_evil_eye, layout_loops_cross, basic_altar, serial_shops, shop,
          uniq_sigmund, uniq_robin
D:3:      layout_basic, minmay_misc_feat_more_columns, dk_noncrumbling_4,
          serial_bayou_pond_b, kennysheep_generic_room_16, uniq_natasha
D:4:      layout_rooms, minmay_temple_entry_glassed_door, serial_shops,
          shop_statue, nicolae_elemental_shop,
          eino_small_chamber_without_monster, nicolae_elevator_lobby_asterisk,
          uniq_blork_the_orc

Skill      XL: |  1  2  3  4  5  6 |
---------------+-------------------+-----
Fighting       | 4 5 |  5.4
Armour         | 4 5 |  5.5
Shields        | 4 5 |  5.5
Axes           | 3 4 |  4.8
Invocations    | 1 2 |  2.6

Action                   |  1- 3 |  4- 6 |  7- 9 || total
-------------------------+-------+-------+-------++-------
Melee: War axe           |    69 |    24 |       ||    93
       Headbutt          |     6 |    12 |     2 ||    20
       Hand axe          |       |    66 |     6 ||    72
  Use: Potion            |       |     1 |       ||     1
Armor: Scale mail        |    42 |    30 |       ||    72
Dodge: Dodged            |    29 |    23 |     1 ||    53
Block: Kite shield       |    44 |    34 |     4 ||    82
